 Dungeon Crawl Stone Soup version 0.17-a0-435-gc4df345 (webtiles) character file.

284 Ladykiller69 the Shield-Bearer (level 6, 0/48 HPs)
             Began as a Formicid Fighter on Apr 4, 2015.
             Succumbed to a scorpion's poison
             ... on level 7 of the Dungeon.
             The game lasted 00:12:29 (3599 turns).

Ladykiller69 the Shield-Bearer (Formicid Fighter)   Turns: 3599, Time: 00:12:29

Health: 0/48       AC: 11    Str: 22    XL:     6   Next: 54%
Magic:  6/6        EV:  5    Int:  8    God:
Gold:   169        SH: 10    Dex: 10    Spells: 0 memorised, 5 levels left

rFire  . . .     SeeInvis +     a - +0 war axe
rCold  . . .     Clarity  .     g - +0 plate armour
rNeg   . . .     SustAb   .     c - +0 shield
rPois  .         Gourm    .     (helmet unavailable)
rElec  .         Spirit   .     (no cloak)
rCorr  .         Warding  .     (no gloves)
rMut   .         Stasis   +     (no boots)
MR     .....                    (no amulet)
Stlth  ..........               (no ring)
                                (no ring)

@: lethally poisoned (0 -> -28), not resistant to hostile enchantments,
extremely unstealthy
A: permanent stasis, dig shafts and tunnels, four strong arms, antennae 3
a: Dig, Shaft Self


You were on level 7 of the Dungeon.
You were not hungry.

You visited 1 branch of the dungeon, and saw 5 of its levels.

You collected 169 gold pieces.

Inventory:

Hand weapons
 a - a +0 war axe (weapon)
 f - a +1 flail of venom
Missiles
 k - 2 tomahawks (quivered)
Armour
 b - a +0 scale mail
 c - a +0 shield (worn)
 g - a +0 plate armour (worn)
Jewellery
 j - an uncursed amulet of warding {unknown}
 q - an uncursed ring of positive energy {unknown}
 w - a cursed ring of positive energy {unknown}
Magical devices
 A - a wand of fireball (11)
 C - a wand of lightning (3)
Scrolls
 h - a scroll of blinking {unknown}
 i - 5 scrolls of identify {unknown}
 l - 2 scrolls of magic mapping {unknown}
 n - 2 scrolls of enchant weapon {unknown}
 o - 2 scrolls of teleportation {unknown}
 p - a scroll of noise {unknown}
 r - 2 scrolls of remove curse {unknown}
 x - a scroll of recharging {unknown}
 y - a scroll of fog {unknown}
Potions
 e - a potion of might
 s - a potion of cancellation {unknown}
 u - a potion of haste
 z - a potion of curing {unknown}
 B - a potion of brilliance {unknown}
Comestibles
 d - 4 bread rations
 m - a chunk of flesh
 t - a royal jelly
 v - a beef jerky


   Skills:
 - Level 4.0 Fighting
 * Level 4.7 Axes
 + Level 4.3 Armour
 + Level 4.8 Shields


You had 5 spell levels left.
You didn't know any spells.

Dungeon Overview and Level Annotations

Branches:
Dungeon (7/15)
 Temple: D:4-7

Altars:
Ru
The Shining One

Annotations:
D:3 Grinder


Innate Abilities, Weirdness & Mutations

You are under a permanent stasis effect.
You can dig through walls and to a lower floor.
Your four strong arms can wield two-handed weapons with a shield.
You have a pair of large antennae on your head (SInv).


Message History

You feel sick.
Use which ability? (? or * to list)
You can't do that.
Unknown command.
Use which ability? (? or * to list) Are you sure you want to shaft yourself?
You feel somewhat more hungry.
* * * LOW HITPOINT WARNING * * *
You feel sick.
The scorpion stings you but does no damage.
You begin to dig a shaft.
You continue digging a shaft.
* * * LOW HITPOINT WARNING * * *
You feel sick. The scorpion stings you.
* * * LOW HITPOINT WARNING * * *
You are more poisoned.
The scorpion poisons you! A shaft appears beneath you!
You fall through a shaft for 3 floors!
The shaft crumbles and collapses.
You die...

####
##...#####
#@........
#(..######
#..## #..#
...# .#.#
# .# .# .


There were no monsters in sight!

Vanquished Creatures
  A giant frog skeleton (D:3)
  An orc wizard (D:3)
  Natasha (thrice) (D:3)
  A hound skeleton (D:2)
  A gnoll (D:2)
  4 giant mites
  3 adders
  2 worms (D:3)
  5 giant geckos
  2 oozes
  10 orcs (D:3)
  4 ball pythons
  5 bats
  7 giant cockroaches
  8 hobgoblins
  2 quokkas (D:3)
  5 giant newts
  7 goblins
  4 jackals (D:4)
  11 kobolds
  10 rats
96 creatures vanquished.

Notes
Turn   | Place    | Note
--------------------------------------------------------------
     0 | D:1      | Ladykiller69, the Formicid Fighter, began the quest for the Orb.
     0 | D:1      | Reached XP level 1. HP: 18/18 MP: 1/1
    19 | D:1      | Reached XP level 2. HP: 17/24 MP: 2/2
   339 | D:1      | Reached XP level 3. HP: 27/29 MP: 3/3
   896 | D:2      | Found a glowing golden altar of the Shining One.
   909 | D:2      | Reached skill level 4 in Shields
   972 | D:2      | Reached XP level 4. HP: 37/37 MP: 4/4
  1054 | D:2      | Found a sacrificial altar of Ru.
  1578 | D:2      | You fall through a shaft!
  1801 | D:3      | Reached XP level 5. HP: 30/42 MP: 5/5
  1853 | D:3      | Noticed Grinder
  2006 | D:3      | HP: 3/63 [orc/flail (5)]
  2481 | D:3      | Reached XP level 6. HP: 44/48 MP: 6/6
  2805 | D:3      | Noticed Natasha
  2817 | D:3      | Killed Natasha
  2896 | D:3      | Noticed Natasha
  2929 | D:3      | Killed Natasha
  3355 | D:3      | Noticed Natasha
  3363 | D:3      | Killed Natasha
  3598 | D:4      | HP: 2/48 [scorpion (6)]
  3599 | D:4      | You fall through a shaft for 3 floors!
  3599 | D:7      | Succumbed to a scorpion's poison

Action                   |  1- 3 |  4- 6 || total
-------------------------+-------+-------++-------
Melee: War axe           |    84 |   290 ||   374
 Abil: Dig               |       |     5 ||     5
       Shaft Self        |       |     1 ||     1
  Use: Potion            |       |     5 ||     5
 Stab: Invisible         |       |     3 ||     3
  Eat: Chunk             |       |    10 ||    10
